 Dungeon Crawl Stone Soup version 0.21.1-1-g345015f (webtiles) character file.

96 lotte the Magician (level 4, -1/24 HPs)
             Began as a Deep Elf Wizard on June 30, 2018.
             Slain by a worker ant (5 damage)
             ... on level 4 of the Dungeon.
             The game lasted 00:20:05 (3980 turns).

lotte the Magician (Deep Elf Wizard)                Turns: 3980, Time: 00:20:08

Health: -1/24      AC:  3    Str:  4    XL:     4   Next: 41%
Magic:  9/14       EV: 13    Int: 24    God:
Gold:   167        SH:  0    Dex: 13    Spells: 9/15 levels left

rFire    . . .     SeeInvis .   h - +1 spear (venom)
rCold    . . .     Gourm    .   (no shield)
rNeg     . . .     Faith    .   a - +0 robe
rPois    .         Spirit   .   b - +0 hat
rElec    .         Reflect  .   (no cloak)
rCorr    +         Harm     .   (no gloves)
MR       .....                  e - +0 pair of boots
Stlth    ++........             (no amulet)
HPRegen  0.08/turn              s - ring of resist corrosion
MPRegen  0.14/turn              (no ring)

@: lethally poisoned (-1 -> -8)
A: no striking features
a: no special abilities


You were on level 4 of the Dungeon.
You were not hungry.

You visited 1 branch of the dungeon, and saw 4 of its levels.

You collected 167 gold pieces.

Inventory:

Hand Weapons
 f - a +0 hand axe
 h - a +1 spear of venom (weapon)
 w - a +0 long sword
Armour
 a - a +0 robe (worn)
 b - a +0 hat (worn)
 e - a +0 pair of boots (worn)
 j - a +0 scale mail
 y - a +0 pair of boots
Jewellery
 s - a ring of resist corrosion (left hand)
Scrolls
 k - 2 scrolls of identify {unknown}
 n - 2 scrolls of blinking {unknown}
 o - a scroll of teleportation {unknown}
 p - 2 scrolls of amnesia {unknown}
 q - 2 scrolls of remove curse {unknown}
 r - a scroll of fear {unknown}
 t - 2 scrolls of enchant weapon {unknown}
Potions
 g - 2 potions of curing {unknown}
 i - a potion of lignification {unknown}
 l - a potion of ambrosia {unknown}
 m - a potion of invisibility {unknown}
 u - a potion of haste {unknown}
 v - a potion of brilliance {unknown}
 x - a potion of flight {unknown}
Books
 c - a book of Minor Magic

   Spells                             Type                      Level
   a - Magic Dart                     Conjuration                  1
   b - Blink                          Translocation                2
   c - Call Imp                       Summoning                    2
   d - Slow                           Hexes                        2
   e - Conjure Flame                  Conjuration/Fire             3
   f - Mephitic Cloud                 Conjuration/Poison/Air       3
Comestibles
 d - 3 rations


   Skills:
 - Level 0.1 Polearms
 - Level 2.4 Dodging
 - Level 2.4 Stealth
 + Level 6.3 Spellcasting
 + Level 2.5 Conjurations
 + Level 1.4 Summonings
   Level 1.1 Translocations


You had 9 spell levels left.
You knew the following spells:

 Your Spells              Type           Power        Failure   Level  Hunger
a - Magic Dart            Conj           ###.         2%          1    None
b - Call Imp              Summ           ##......     6%          2    None
c - Conjure Flame         Conj/Fire      ##......     14%         3    None


Dungeon Overview and Level Annotations

Branches:
Dungeon (4/15)
 Temple: D:4-7

Altars:


Message History

Your crimson imp hits the worker ant.
The worker ant misses you.
Your crimson imp blinks!
Your crimson imp completely misses the worker ant.
Your crimson imp hits the worker ant.
Casting: Call Imp
Confirm with . or Enter, or press ? or * to list all spells.
A beastly little devil appears in a puff of flame.
The worker ant bites you!
* * * LOW HITPOINT WARNING * * *
You are lethally poisoned!
The worker ant poisons you!
Your crimson imp hits the worker ant but does no damage.
* * * LOW HITPOINT WARNING * * *
You feel sick.
Your crimson imp blinks!
Your crimson imp hits the worker ant but does no damage.
Your crimson imp closely misses the worker ant.
The worker ant bites you.
You die...

#. #. #.###
#...# #...#
#...######
###.........
#.'5@.ยง...#
###.#.a.#.###
#<#'#5..#.#
#.........#
#.........#
#.....5..##
#.#+#.####
#.# #.# )..
...


You could see a worker ant and 3 friendly crimson imps.

Vanquished Creatures
  2 adders
  A worm (D:2)
  2 dart slugs (D:1)
  2 leopard geckos
  2 giant cockroaches (D:3)
  7 goblins
  4 hobgoblins
  8 jackals
  A quokka (D:2)
  A ball python (D:3)
  9 bats
  6 frilled lizards
  7 kobolds
  2 rats (D:1)
54 creatures vanquished.

Vanquished Creatures (collateral kills)
  An adder (D:3)
  A worm (D:2)
  2 orcs (D:3)
  A hobgoblin (D:2)
  2 jackals (D:2)
7 creatures vanquished.

Grand Total: 61 creatures vanquished

Notes
Turn   | Place    | Note
-------+----------+-------------------------------------------
     0 | D:1      | lotte the Deep Elf Wizard began the quest for the Orb.
     0 | D:1      | Reached XP level 1. HP: 10/10 MP: 7/7
   399 | D:1      | Reached skill level 5 in Spellcasting
   399 | D:1      | Reached XP level 2. HP: 15/15 MP: 1/10
  1678 | D:2      | Reached XP level 3. HP: 19/19 MP: 7/12
  1807 | D:2      | Learned a level 2 spell: Call Imp
  1811 | D:2      | Learned a level 3 spell: Conjure Flame
  2461 | D:2      | Reached skill level 6 in Spellcasting
  3078 | D:3      | Reached XP level 4. HP: 24/24 MP: 12/14
  3980 | D:4      | Slain by a worker ant

Skill      XL: |  1  2  3 |
---------------+----------+-----
Spellcasting   | 5 6 |  6.3
Conjurations   | 2 |  2.5
Polearms       | |  0.1
Dodging        | |  2.4
Stealth        | |  2.4
Summonings     | |  1.4
Translocations | |  1.1

Action                   |  1- 3 |  4- 6 || total
-------------------------+-------+-------++-------
Melee: Hand axe          |    12 |       ||    12
       Spear             |    34 |     2 ||    36
 Cast: Magic Dart        |    82 |    23 ||   105
       Call Imp          |     7 |    10 ||    17
  Eat: Chunk             |     6 |     3 ||     9
Armor: Robe              |    16 |     3 ||    19
       Scale mail        |    27 |       ||    27
Dodge: Dodged            |    58 |    14 ||    72
